 Dungeon Crawl Stone Soup version 0.16.2-12-gd0ad4c3 (webtiles) character file.

87626 magipi the Severer (level 15, -1/128 HPs)
             Began as a Ghoul Gladiator on Oct 19, 2015.
             Was the Champion of Makhleb.
             Killed from afar by a shock serpent (13 damage)
             ... with an electric aura
             ... on level 4 of the Snake Pit on Oct 20, 2015.
             The game lasted 03:12:20 (21580 turns).

magipi the Severer (Ghoul Gladiator)               Turns: 21580, Time: 03:12:20

Health: -1/128     AC: 25    Str: 31    XL:     15   Next: 91%
Magic:  0/37       EV:  9    Int:  6    God:    Makhleb [******]
Gold:   1212       SH:  0    Dex: 14    Spells: 0 memorised, 14 levels left

rFire  + . .     SeeInvis +     a - +9 executioner's axe of Fixation {distort, rElec rPois Str+5 Dex+3 Stlth-}
rCold  + . .     Clarity  .     I - +2 plate armour {rF+}
rNeg   + + +     SustAb   .     (no shield)
rPois  ∞         Gourm    .     l - +0 mask of the Dragon {MR+ Slay+3 SInv}
rElec  +         Spirit   +     M - +2 cloak
rCorr  .         Warding  .     f - +0 pair of gloves "Wyemowk" {Regen+ MP+9}
rMut   .         Stasis   .     A - +2 pair of boots {Stlth+}
MR     ++...                    i - amulet of guardian spirit
Stlth  ..........               Y - +2 ring of slaying
                                p - +5 ring of strength

@: rotting, very resistant to hostile enchantments, extremely unstealthy
A: rotting body, claws 1, carnivore 3, cold resistance 1, negative energy
resistance 3, poison resistance, slow healing 1, torment resistance, unbreathing
a: Minor Destruction, Lesser Servant of Makhleb, Major Destruction, Greater
Servant of Makhleb, Renounce Religion


You were on level 4 of the Snake Pit.
You worshipped Makhleb.
Makhleb was exalted by your worship.
You were not hungry.

You visited 5 branches of the dungeon, and saw 29 of its levels.
You also visited: Labyrinth.

You collected 2968 gold pieces.
You spent 1756 gold pieces at shops.

Inventory:

Hand weapons
 a - the +9 executioner's axe of Fixation (weapon) {distort, rElec rPois Str+5 Dex+3 Stlth-}
   (You acquired it in a labyrinth)

   It warps and distorts space around it.
   Unwielding it can cause banishment or high damage.
   It affects your strength (+5).
   It affects your dexterity (+3).
   It insulates you from electricity.
   It protects you from poison.
   It makes you less stealthy.
 j - a +0 battleaxe of freezing
Missiles
 s - 9 javelins of returning
 T - 7 javelins (quivered)
Armour
 f - the +0 pair of gloves "Wyemowk" (worn) {Regen+ MP+9}
   (You bought it in a shop on level 4 of the Orcish Mines)

   It affects your magic capacity (+9).
   It increases your rate of regeneration.
 l - the +0 mask of the Dragon (worn) {MR+ Slay+3 SInv}
   (You found it on level 15 of the Dungeon)

   It affects your accuracy and damage with ranged weapons and melee attacks
   (+3).
   It affects your resistance to hostile enchantments.
   It enhances your eyesight.
 A - a +2 pair of boots of stealth (worn)
 I - a +2 plate armour of fire resistance (worn)
 M - a +2 cloak (worn)
Rods
 K - a -2 rod of the swarm (10/10)
   (You found it on level 8 of the Dungeon)
Jewellery
 b - an uncursed amulet of regeneration
 d - an uncursed ring of ice
 i - an amulet of guardian spirit (around neck)
 p - a +5 ring of strength (left hand)
 t - an uncursed ring of teleportation
 z - an uncursed amulet of stasis
 F - the ring of the Nightingale {+Blink MP+9 Int+2}
   (You found it on level 5 of the Lair of Beasts)

   [ring of magical power]

   It affects your intelligence (+2).
   It affects your magic capacity (+9).
   It lets you blink.
 H - an uncursed amulet of rage {unknown}
 Y - a +2 ring of slaying (right hand)
Magical devices
 g - a wand of disintegration (13)
 u - a wand of digging (4)
 B - a wand of digging (4)
 G - a wand of disintegration (7)
 J - a wand of polymorph (8)
 L - a wand of fire (4)
 Q - a wand of confusion (13)
 S - a wand of polymorph (9)
 U - a wand of lightning (8)
Scrolls
 k - a scroll of noise
 n - a scroll of immolation
 o - a scroll of fog
 y - a scroll of silence
 C - a scroll of fear
 D - 10 scrolls of remove curse
Potions
 c - 2 potions of might
 e - 15 potions of curing
 h - 4 potions of resistance
 m - 3 potions of haste
 r - 3 potions of invisibility
 x - 2 potions of restore abilities
 N - a potion of berserk rage {unknown}
 R - a potion of cancellation
 V - 3 potions of magic
Books
 w - a book of Battle

   Spells                             Type                      Level
   a - Infusion                       Charms                       1
   b - Shroud of Golubria             Charms/Translocation         2
   c - Song of Slaying                Charms                       2
   d - Spectral Weapon                Hexes/Charms                 3
   e - Regeneration                   Charms/Necromancy            3
Comestibles
 v - 3 beef jerkies
 E - a slice of pizza
 X - 7 meat rations


   Skills:
 - Level 10.6 Fighting
 * Level 15.8 Axes
 - Level 3.0 Throwing
 - Level 11.0 Armour
 - Level 2.6 Dodging
 - Level 11.7 Invocations
 - Level 11.0 Evocations


You had 14 spell levels left.
You didn't know any spells.

Dungeon Overview and Level Annotations

Branches:
Dungeon (15/15)            Temple (1/1) D:7            Lair (5/8) D:10
 Shoals (0/5) Lair:4        Snake (4/5) Lair:4          Orc (4/4) D:10
    Elf (0/3) Orc:4        Vaults (0/5) D:13         Depths (0/5) D:15

Altars:
Ashenzari
Cheibriados
Dithmenos
Elyvilon
Fedhas
Gozag
Kikubaaqudgha
Makhleb
Nemelex Xobeh
Okawaru
Qazlal
Ru
Sif Muna
Trog
Vehumet
Xom
Yredelemnul
Zin
The Shining One
Beogh

Shops:
D:10 [   Orc:1 }   Orc:2 %   Orc:4 *[:(

Annotations:
D:3 yiuf
D:8 Britaniac's ghost, experienced HEFE
D:10 kraktruk's ghost, experienced DECj
D:11 Nessos
D:12 Nergalle
D:14 Fannar; Rupert
Snake:3 Frances; Mara
Snake:4 Aizul


Innate Abilities, Weirdness & Mutations

Your body is rotting away.
You thrive on raw meat.
You have sharp fingernails.
You are carnivorous and can eat meat at any time.
Your flesh is cold resistant.
You are immune to negative energy.
Your system is resistant to poisons.
You heal slowly when monsters are visible.
You are immune to unholy pain and torment.
You can survive without breathing.

Vault maps used:
D:1:      lemuel_arrival_muddy, minmay_distorted
D:3:      first_bread, kennysheep_decorative_pillar, fedhas_altar_4,
          uniq_crazy_yiuf_cottage, uniq_sigmund
D:4:      lemuel_round_altar, eino_small_chamber_without_monster
D:5:      minmay_misc_feat_tower, hangedman_abyss_or_decor_lesser_grid
D:7:      grunt_temple_overflow_holy_war, minmay_temple_entry_crystal_x,
          minivault_25, the_bakery
D:9:      david_orc_3, serial_park_tiny_2, grunt_ministairs_6
D:10:     lair_0_dummy, orc_david_3, hex_medium
D:11:     patterned_corridor, uniq_nessos
D:12:     enter_bailey_8
D:13:     david_vaults_5, uniq_nergalle
D:14:     minmay_misc_feat_rows, lab_entry_generic, uniq_josephine, uniq_rupert,
          uniq_fannar, uniq_erica, uniq_snorg
D:15:     grunt_enter_depths_hoard, nicolae_tso_swordbearing_angel, laboratory
Temple:   nicolae_temple_x_marks_the_god_16
Lair:1:   st_stairs_11, infiniplex_staircase_pool
Lair:3:   serial_bayou_shore_a
Lair:4:   minmay_shoals_entry_lonely_mermaid, guppyfry_snake_entry_garden,
          minmay_lair_drake_nest, lemuel_fruit_fields
Lair:5:   beast_lair_carwin_large_4, minmay_stone_trees_small, minmay_holes
Snake:2:  serial_bayou_pond_e, serial_bayou_pond_c, lemuel_fruit_tree
Snake:3:  uniq_asterion, uniq_mara, uniq_frances
Snake:4:  uniq_aizul, uniq_agnes, uniq_vashnia, uniq_roxanne
Orc:1:    nicolae_for_you_no_charge
Orc:2:    trap_god_beogh, serial_shops, shop, lightli_church_of_beogh,
          uniq_sonja
Orc:3:    nicolae_orc_pool_cavern
Orc:4:    st_orc_congregation, uniq_erolcha
Lab:      labyrinth_mini_lab, nicolae_lab_starburst, lab_statue


Message History

The naga sharpshooter constricts you.
You hit the naga sharpshooter.
The naga sharpshooter is almost dead.
The naga sharpshooter blinks!
The naga sharpshooter loses its grip on you.
Unknown command.
You closely miss the naga sharpshooter.
The naga sharpshooter is almost dead.
The naga sharpshooter hits you but does no damage.
The naga sharpshooter grabs you.
* * * LOW HITPOINT WARNING * * *
The naga sharpshooter constricts you.
You barely miss the naga sharpshooter.
The naga sharpshooter is almost dead.
The naga sharpshooter casts a spell.
The naga sharpshooter magically shoots a bolt.
The bolt hits you.
* * * LOW HITPOINT WARNING * * *
The naga sharpshooter barely misses you.
* * * LOW HITPOINT WARNING * * *
The naga sharpshooter constricts you.
Unknown command.
You slash the naga sharpshooter!
The naga sharpshooter is almost dead.
The naga sharpshooter blinks!
The naga sharpshooter loses its grip on you.
The naga sharpshooter gestures wildly while chanting.
The naga sharpshooter magically shoots a bolt.
The bolt hits you!
* * * LOW HITPOINT WARNING * * *
The naga sharpshooter spits poison at you.
The splash of poison hits you! You resist.
Things that are here:
an arbalest; an uncursed trident; 10 bolts The naga sharpshooter hits you with an uncursed flail!
* * * LOW HITPOINT WARNING * * *
The naga sharpshooter grabs you. The naga sharpshooter constricts you.
You slash the naga sharpshooter!
You kill the naga sharpshooter!
Makhleb accepts your kill.
You feel a little better.
Unknown command.
Items here: )) [ † an uncursed flail; an uncursed arbalest; a robe; a naga corpse You see here a bolt.
The shock serpent hisses angrily.
The shock serpent bites you but does no damage. x2
Unknown command.
Evoke which item? (* to show all) (? for menu, Esc to quit)
Okay, then.
Unknown command.
Unknown command.
Unknown command.
Unknown command.
Unknown command.
Unknown command.
Unknown command.
Unknown command.
Unknown command.
Unknown command.
Unknown command.
Unknown command.
Unknown command.
Unknown command.
Unknown command.
You slash the shock serpent!
The shock serpent looks slightly unstable.
The shock serpent is moderately wounded.
The shock serpent's electric aura discharges!
The lightning shocks you.
* * * LOW HITPOINT WARNING * * *
The shock serpent bites you but does no damage.
The shock serpent bites you!
* * * LOW HITPOINT WARNING * * *
The shock serpent shocks you. You resist.
* * * LOW HITPOINT WARNING * * *
Read which item? (? for menu, Esc to quit)
Okay, then.
Unknown command.
Unknown command.
Unknown command.
Unknown command.
You slash the naga!
Space warps horribly around the naga!
You kill the naga!
Makhleb accepts your kill.
You feel a little better.
You barely miss the shock serpent.
The shock serpent is moderately wounded.
The shock serpent bites you!
* * * LOW HITPOINT WARNING * * *
The shock serpent shocks you. You resist.
* * * LOW HITPOINT WARNING * * *
The naga mage spits poison at you. The splash of poison misses you.
Unknown command.
You open the shock serpent like a pillowcase!!!
The shock serpent is almost dead.
The shock serpent blinks!
The shock serpent's electric aura discharges violently!
The lightning shocks you.
You die...

.....N...##....##(.........
........##.....#.(........
..N.....# #....(..........
........# ##..NN..........
.......###..(............
..........()##..........
.......S.(..##.........
.........).(####.......
........@#### ###....
........§### #..
.!.........## .
........)...#
.................
............>..
..###.......... .
###..?..N.. ###.....


You could see a naga sharpshooter, a shock serpent and a naga mage.

Table legend:
 A = Kills in this place as a percentage of kills in entire the game.
 B = Kills by you in this place as a percentage of kills by you in the entire game.
 C = Kills by friends in this place as a percentage of kills by friends in the entire game.
 D = Other kills in this place as a percentage of other kills in the entire game.
 E = Experience gained in this place as a percentage of experience gained in the entire game.
 F = Experience gained in this place divided by the number of levels of this place that you have seen.
                   A       B       C       D       E      F
               +-------+-------+-------+-------+-------+----------------------
         Total | 100.0 | 100.0 | 100.0 | 100.0 | 100.0 | 4172.7
       Dungeon |  48.6 |  51.1 |   2.3 |  40.0 |  48.7 | 4061.8
          Lair |  11.4 |  12.1 |   0.0 |   6.7 |  12.9 | 3236.6
     Snake Pit |   7.7 |   7.3 |   0.0 |  53.3 |  23.3 | 7276.2
  Orcish Mines |  31.8 |  29.0 |  97.7 |   0.0 |  13.8 | 4310.2
     Labyrinth |   0.4 |   0.5 |   0.0 |   0.0 |   1.4 | 1724.0
               +-------+-------+-------+-------+-------+----------------------

Vanquished Creatures
  Snorg (D:14)
  A fire dragon (D:15)
  A vault guard (D:13)
  An ogre mage (D:15)
  Josephine (D:14)
  A minotaur (Lab)
  A catoblepas (D:15)
  A naga warrior (Snake:2)
  2 hydras
  2 anacondas
  5 tengu warriors
  2 centaur warriors
  3 orc high priests
  6 naga sharpshooters
  A sea snake (Snake:2)
  3 unseen horrors
  A giant orange brain (Snake:2)
  2 hill giants
  3 orc knights
  The ghost of Kharon the Destroyer, an experienced DEFE (D:6)
  4 large abominations (D:15)
  3 naga ritualists
  An orc sorcerer (Orc:4)
  A wizard (D:15)
  6 mana vipers
  3 cyclopes
  2 griffons
  2 salamanders
  11 ugly things
  A manticore (D:12)
  A siren (Lair:4)
  5 elephants (Lair:2)
  3 centaur zombies
  9 black mambas
  A gargoyle (D:12)
  7 naga magi
  A kobold demonologist (D:15)
  3 spiny frogs
  2 komodo dragons (Lair:2)
  An efreet (D:14)
  5 fire drakes
  8 trolls
  7 blink frogs
  A tengu conjurer (D:15)
  5 two-headed ogres
  12 ravens
  A two-headed ogre (shapeshifter) (D:14)
  3 basilisks
  5 slime creatures (D:12)
  The ghost of Kharon the Covert, an average HaAs (D:4)
  A trapdoor spider (Lab)
  A spriggan (shapeshifter) (D:15)
  A shadow (D:15)
  5 wraiths
  A spriggan (D:7)
  18 yaks
  3 deep elf magi
  A hungry ghost (D:8)
  7 small abominations (D:15)
  10 hippogriffs
  6 wargs
  6 wolves (Lair:2)
  20 nagas
  A mottled dragon (D:15)
  10 water moccasins
  3 porcupines
  2 ice beasts
  34 orc warriors
  4 sky beasts
  A phantom (D:5)
  8 centaurs
  15 ogres
  11 crocodiles
  A wasp (D:12)
  3 boggarts (D:13)
  A big kobold (D:9)
  12 giant frogs
  A wyvern skeleton (D:13)
  3 killer bees
  A scorpion (D:11)
  A jelly (D:12)
  9 wights (D:9)
  9 crimson imps
  A giant frog zombie (D:7)
  2 goliath beetles
  32 orc priests
  A quasit (D:7)
  3 giant frog skeletons
  9 hounds
  3 worker ants
  3 centaur skeletons
  40 orc wizards
  11 sheep
  3 iguanas
  2 spectral orcs
  A killer bee zombie (D:10)
  A hound skeleton (D:11)
  A worker ant zombie (D:10)
  6 gnolls
  22 river rats
  17 adders
  4 shadow imps
  2 giant mites
  6 worms
  3 orc skeletons (Orc:4)
  An adder skeleton (D:4)
  2 oozes
  189 orcs
  3 ball pythons
  A bat skeleton (D:6)
  4 giant cockroaches
  23 hobgoblins
  4 quokkas
  14 bats
  7 giant geckos
  A giant gecko skeleton (D:5)
  4 giant newts
  A giant spore (D:14)
  20 goblins
  7 jackals
  23 kobolds
  3 orc zombies (Orc:4)
  9 rats
  3 ballistomycetes (D:14)
  A plant (Lair:5)
857 creatures vanquished.

Vanquished Creatures (collateral kills)
  An orc warlord (Orc:4)
  2 orc high priests (Orc:4)
  Erolcha (Orc:4)
  2 orc knights
  3 orc sorcerers (Orc:4)
  Sonja (Orc:2)
  An orc zombie (Orc:4)
  An ogre (Orc:4)
  10 orc warriors
  A crimson imp (D:10)
  4 orc priests (Orc:4)
  7 orc wizards
  An ogre zombie (Orc:4)
  2 orc skeletons (Orc:4)
  6 orcs
43 creatures vanquished.

Vanquished Creatures (others)
  2 cacodemons (Orc:4)
  An anaconda (Snake:2)
  2 centaur warriors
  A naga sharpshooter (Snake:3)
  A naga ritualist (Snake:3)
  A cyclops (D:15)
  A centaur zombie (D:15)
  A black mamba (Snake:3)
  A naga mage (Snake:2)
  2 ravens (D:15)
  A water moccasin (Snake:4)
  2 nagas (Snake:3)
  An adder (Lair:4)
  A quokka (D:8)
  6 fungi
  6 plants
30 creatures vanquished.

Grand Total: 930 creatures vanquished

Notes
Turn   | Place    | Note
--------------------------------------------------------------
     0 | D:1      | magipi, the Ghoul Gladiator, began the quest for the Orb.
     0 | D:1      | Reached XP level 1. HP: 17/17 MP: 1/1
   139 | D:1      | Reached XP level 2. HP: 22/24 MP: 2/2
   158 | D:1      | Reached skill level 3 in Axes
   340 | D:1      | Reached XP level 3. HP: 26/29 MP: 3/3
   625 | D:2      | Reached XP level 4. HP: 34/36 MP: 3/3
  1139 | D:3      | Found a blossoming altar of Fedhas.
  1182 | D:3      | Reached skill level 4 in Axes
  1187 | D:3      | Reached XP level 5. HP: 28/40 MP: 4/4
  1911 | D:4      | Noticed Kharon's ghost (average HaAs)
  1932 | D:4      | Killed Kharon's ghost
  1932 | D:4      | Reached skill level 6 in Axes
  1932 | D:4      | Reached XP level 6. HP: 37/45 MP: 5/5
  2446 | D:4      | Noticed an ogre
  2450 | D:4      | Killed an ogre
  2450 | D:4      | Reached XP level 7. HP: 33/55 MP: 5/5
  2455 | D:4      | Found an opulent altar of Gozag.
  2749 | D:5      | Entered Level 5 of the Dungeon
  2853 | D:5      | Reached skill level 7 in Axes
  3123 | D:5      | Reached skill level 8 in Axes
  3161 | D:5      | Reached XP level 8. HP: 60/60 MP: 6/6
  3406 | D:6      | Noticed Kharon's ghost (experienced DEFE)
  3774 | D:6      | Reached skill level 9 in Axes
  4383 | D:6      | Killed Kharon's ghost
  4383 | D:6      | Reached skill level 10 in Axes
  4383 | D:6      | Reached XP level 9. HP: 33/72 MP: 7/7
  4618 | D:7      | Reached skill level 5 in Fighting
  4725 | D:7      | Found a staircase to the Ecumenical Temple.
  4771 | Temple   | Entered the Ecumenical Temple
  4791 | Temple   | Became a worshipper of Makhleb the Destroyer
  5144 | D:8      | Reached skill level 1 in Evocations
  5274 | D:8      | Noticed Britaniac's ghost (experienced HEFE)
  5625 | D:7      | Found a basalt altar of Yredelemnul.
  5626 | D:7      | Noticed a profane servitor
  5638 | D:7      | Found a glowing golden altar of the Shining One.
  5639 | D:7      | Noticed an angel
  5897 | D:8      | Identified a -2 rod of the swarm (10/10) (You found it on level 8 of the Dungeon)
  6362 | D:9      | Acquired Makhleb's first power
  6362 | D:9      | Reached XP level 10. HP: 60/88 MP: 13/13
  6558 | D:9      | Reached skill level 5 in Evocations
  6613 | D:9      | Found a staircase to the Orcish Mines.
  6704 | D:9      | Acquired Makhleb's second power
  6821 | D:10     | Entered Level 10 of the Dungeon
  7233 | D:10     | Found a staircase to the Orcish Mines.
  7235 | D:10     | Found Klumul's Armour Emporium.
  7365 | D:10     | Bought the +1 helmet of Negligence {rC+ SInv Stlth+} for 396 gold pieces
  7444 | D:10     | Noticed kraktruk's ghost (experienced DECj)
  7489 | D:11     | Acquired Makhleb's third power
  7736 | D:11     | Noticed a hill giant
  7786 | D:11     | Killed a hill giant
  7786 | D:11     | Reached skill level 10 in Fighting
  7790 | D:11     | Reached XP level 11. HP: 92/98 MP: 20/20
  7879 | D:11     | Noticed Nessos
  8473 | D:10     | Found a staircase to the Lair.
  8483 | D:10     | Reached skill level 1 in Armour
  8488 | Lair:1   | Entered Level 1 of the Lair of Beasts
  8516 | Lair:1   | Acquired Makhleb's fourth power
  9860 | Lair:2   | Reached skill level 5 in Armour
  9885 | Lair:2   | Reached skill level 10 in Evocations
 10009 | Lair:2   | Reached XP level 12. HP: 108/108 MP: 24/24
 10250 | Lair:3   | Acquired Makhleb's fifth power
 10967 | Lair:4   | Found a staircase to the Snake Pit.
 11196 | Lair:4   | Reached skill level 11 in Evocations
 11203 | Lair:4   | Found a staircase to the Shoals.
 11352 | Lair:4   | Reached skill level 1 in Invocations
 11647 | Lair:5   | Got a wavering iron ring
 11651 | Lair:5   | Identified the ring of the Nightingale {+Blink MP+9 Int+2} (You found it on level 5 of the Lair of Beasts)
 11697 | Lair:5   | Noticed a death yak
 11711 | Lair:5   | Noticed a death yak
 11718 | Lair:5   | Noticed a death yak
 11802 | Lair:5   | Noticed a death yak
 12061 | Lair:5   | Noticed a death yak
 12308 | Orc:1    | Entered Level 1 of the Orcish Mines
 12315 | Orc:1    | Found Sholoquf's Quality Used Wands.
 12618 | Orc:1    | Bought a wand of frost (0) for 14 gold pieces
 12618 | Orc:1    | Bought a wand of draining (0) for 56 gold pieces
 12618 | Orc:1    | Bought a wand of confusion (0) for 21 gold pieces
 12826 | Orc:2    | Found Numah's Food Shop.
 12848 | Orc:2    | Reached skill level 5 in Invocations
 12967 | Orc:2    | Found a roughly hewn altar of Beogh.
 12972 | Orc:2    | Noticed an orc high priest
 13338 | Orc:2    | Killed an orc high priest
 13541 | Orc:3    | Noticed an orc high priest
 13703 | Orc:2    | Reached XP level 13. HP: 112/114 MP: 25/25
 13798 | Orc:2    | Found a runed door.
 13883 | Orc:2    | Noticed Sonja
 13902 | Orc:2    | Killed Sonja
 13943 | Orc:2    | Found a roughly hewn altar of Beogh.
 14055 | Orc:3    | Killed an orc high priest
 14108 | Orc:4    | Entered Level 4 of the Orcish Mines
 14701 | Orc:4    | Noticed Erolcha
 14709 | Orc:4    | Killed Erolcha
 14848 | Orc:4    | Reached skill level 10 in Invocations
 15048 | Orc:4    | Noticed an orc warlord
 15112 | Orc:4    | Noticed a cacodemon
 15348 | Orc:4    | Killed an orc warlord
 15428 | Orc:4    | Found a staircase to the Elven Halls.
 15762 | Orc:4    | Paralysed by an orc sorcerer for 2 turns
 15892 | Orc:4    | Found Lysmaps' General Store.
 15894 | Orc:4    | Found Prikuanua's Book Emporium.
 15909 | Orc:4    | Found Weeheh's Antique Armour Emporium.
 15909 | Orc:4    | Found Cougualu's Antique Weapon Shoppe.
 16262 | Orc:4    | Bought a pair of smoking gloves for 351 gold pieces
 16262 | Orc:4    | Bought a pair of embroidered boots for 166 gold pieces
 16262 | Orc:4    | Bought a pair of runed boots for 166 gold pieces
 16273 | Orc:4    | Identified the +0 pair of gloves "Wyemowk" {Regen+ MP+9} (You bought it in a shop on level 4 of the Orcish Mines)
 16304 | Orc:4    | Bought a scroll of silence for 112 gold pieces
 16346 | Orc:4    | Bought a warped war axe for 161 gold pieces
 16346 | Orc:4    | Bought a bone hand axe for 152 gold pieces
 16346 | Orc:4    | Bought an iridescent war axe for 161 gold pieces
 16346 | Orc:4    | Identified the cursed +2 war axe of Hard Scrabble {vamp, rN+ Int+2 SInv} (You bought it in a shop on level 4 of the Orcish Mines)
 16348 | Orc:4    | Identified the +8 war axe of Anxiety {chop, MR++ Str+6 Dex-3 SInv} (You bought it in a shop on level 4 of the Orcish Mines)
 16349 | Orc:4    | Identified the cursed +1 hand axe "Weuruhee" {chop, rElec MP+9 Str+4} (You bought it in a shop on level 4 of the Orcish Mines)
 17515 | D:13     | Noticed Nergalle
 17641 | D:13     | Reached XP level 14. HP: 120/120 MP: 27/27
 17716 | D:13     | Noticed a vault guard
 17736 | D:13     | Killed a vault guard
 17736 | D:13     | Reached skill level 12 in Axes
 17753 | D:13     | Found a gate to the Vaults.
 18073 | D:14     | Noticed Josephine
 18084 | D:14     | Killed Josephine
 18126 | D:14     | Found a labyrinth entrance.
 18137 | Lab      | Entered a labyrinth
 18354 | Lab      | Identified a scroll of acquirement
 18360 | Lab      | Got a translucent executioner's axe
 18361 | Lab      | Identified the +9 executioner's axe of Fixation {distort, rElec rPois Str+5 Dex+3 Stlth-} (You acquired it in a labyrinth)
 18372 | Lab      | Got a pair of spiked gloves
 18394 | Lab      | Identified the cursed -5 pair of gloves "Yleogusi" {rC+} (You found it in a labyrinth)
 18449 | D:14     | Noticed Snorg
 18460 | D:14     | Killed Snorg
 18710 | D:14     | Got a dazzling chain mail
 18730 | D:14     | Identified the +11 chain mail of Kaocw {+Blink rF- Regen+ Str+2 Dex-4} (You found it on level 14 of the Dungeon)
 18785 | D:14     | Noticed Rupert
 18787 | D:14     | Noticed Fannar
 18821 | D:15     | Entered Level 15 of the Dungeon
 18942 | D:15     | Reached skill level 13 in Axes
 19194 | D:15     | Found a glowing golden altar of the Shining One.
 19408 | D:15     | Reached skill level 10 in Armour
 19409 | D:15     | Paralysed by an ogre mage for 4 turns
 19608 | D:15     | Reached XP level 15. HP: 128/128 MP: 28/28
 19708 | D:15     | Reached skill level 14 in Axes
 19894 | D:15     | Found a staircase to the Depths.
 20172 | Snake:1  | Entered Level 1 of the Snake Pit
 21021 | Snake:2  | Reached skill level 15 in Axes
 21252 | Snake:3  | Noticed Mara
 21254 | Snake:3  | Noticed magipi's illusion
 21324 | Snake:3  | Noticed Frances
 21467 | Snake:4  | Noticed Aizul
 21580 | Snake:4  | Killed from afar by a shock serpent

Action                   |  1- 3 |  4- 6 |  7- 9 | 10-12 | 13-15 || total
-------------------------+-------+-------+-------+-------+-------++-------
Melee: War axe           |    96 |   172 |   450 |  1255 |   648 ||  2621
       Executioner's axe |       |       |       |       |   443 ||   443
 Fire: Blowgun           |       |       |    20 |    14 |    25 ||    59
Throw: Tomahawk          |       |       |    30 |    16 |       ||    46
       Throwing net      |       |       |     5 |       |       ||     5
       Javelin           |       |       |       |    18 |    23 ||    41
Invok: Greater Servant o |       |       |       |       |     7 ||     7
 Abil: Evoke Teleportati |       |       |       |     8 |     7 ||    15
Evoke: Wand              |       |       |     2 |    32 |    11 ||    45
  Use: Scroll            |       |    12 |     4 |    22 |    15 ||    53
       Potion            |       |       |       |     3 |     5 ||     8
 Stab: Held in net/web   |       |       |     2 |       |       ||     2
       Confused          |       |       |       |     9 |     1 ||    10
       Distracted        |       |       |       |       |     1 ||     1
  Eat: Chunk             |    10 |    18 |    41 |   128 |    73 ||   270

Action                   |  1- 3 |  4- 6 |  7- 9 | 10-12 | 13-15 || total
-------------------------+-------+-------+-------+-------+-------++-------
Melee: War axe           |    96 |   172 |   450 |  1255 |   648 ||  2621
       Executioner's axe |       |       |       |       |   443 ||   443
 Fire: Blowgun           |       |       |    20 |    14 |    25 ||    59
Throw: Tomahawk          |       |       |    30 |    16 |       ||    46
       Throwing net      |       |       |     5 |       |       ||     5
       Javelin           |       |       |       |    18 |    23 ||    41
Invok: Greater Servant o |       |       |       |       |     7 ||     7
 Abil: Evoke Teleportati |       |       |       |     8 |     7 ||    15
Evoke: Wand              |       |       |     2 |    32 |    11 ||    45
  Use: Scroll            |       |    12 |     4 |    22 |    15 ||    53
       Potion            |       |       |       |     3 |     5 ||     8
 Stab: Held in net/web   |       |       |     2 |       |       ||     2
       Confused          |       |       |       |     9 |     1 ||    10
       Distracted        |       |       |       |       |     1 ||     1
  Eat: Chunk             |    10 |    18 |    41 |   128 |    73 ||   270

Action                   |  1- 3 |  4- 6 |  7- 9 | 10-12 | 13-15 || total
-------------------------+-------+-------+-------+-------+-------++-------
Melee: War axe           |    96 |   172 |   450 |  1255 |   648 ||  2621
       Executioner's axe |       |       |       |       |   443 ||   443
 Fire: Blowgun           |       |       |    20 |    14 |    25 ||    59
Throw: Tomahawk          |       |       |    30 |    16 |       ||    46
       Throwing net      |       |       |     5 |       |       ||     5
       Javelin           |       |       |       |    18 |    23 ||    41
Invok: Greater Servant o |       |       |       |       |     7 ||     7
 Abil: Evoke Teleportati |       |       |       |     8 |     7 ||    15
Evoke: Wand              |       |       |     2 |    32 |    11 ||    45
  Use: Scroll            |       |    12 |     4 |    22 |    15 ||    53
       Potion            |       |       |       |     3 |     5 ||     8
 Stab: Held in net/web   |       |       |     2 |       |       ||     2
       Confused          |       |       |       |     9 |     1 ||    10
       Distracted        |       |       |       |       |     1 ||     1
  Eat: Chunk             |    10 |    18 |    41 |   128 |    73 ||   270
